 Dungeon Crawl Stone Soup version 0.24-a0-169-g71aafec (webtiles) character file.

Game seed: 0

6784 Hybris the Slicer (level 10, -9/46 HPs)
             Began as a Spriggan Assassin on Mar 5, 2019.
             Was a Believer of Dithmenos.
             Killed from afar by Fannar (55 damage)
             ... with a bolt of cold
             ... on level 10 of the Dungeon on Mar 7, 2019.
             The game lasted 00:51:25 (14757 turns).

Hybris the Slicer (Spriggan Assassin)              Turns: 14757, Time: 00:51:26

Health: -9/46      AC:  3    Str: 16    XL:     10   Next: 76%
Magic:  11/11      EV: 30    Int: 14    God:    Dithmenos [**....]
Gold:   383        SH:  0    Dex: 20    Spells: 9/9 levels left

rFire    + . .     SeeInvis +   b - +0 blowgun
rCold    x . .     Gourm    .   (shield restricted)
rNeg     . . .     Faith    .   c - +0 robe
rPois    .         Spirit   .   G - +0 hat
rElec    .         Reflect  .   d - +0 cloak
rCorr    .         Harm     .   (gloves unavailable)
MR       +....                  (boots unavailable)
Stlth    ++++++....             (no amulet)
HPRegen  0.15/turn              q - ring of fire
MPRegen  0.12/turn              w - +4 ring of strength

@: mighty, wreathed by umbra, very quick
A: very small, unfitting armour, see invisible, herbivore, speed 3, slow
metabolism 2
a: Shadow Step, Renounce Religion


You were on level 10 of the Dungeon.
You worshipped Dithmenos.
Dithmenos was pleased with you.
You were very hungry.

You visited 2 branches of the dungeon, and saw 11 of its levels.

You collected 551 gold pieces.
You spent 168 gold pieces at shops.

Inventory:

Hand Weapons
 b - a +0 blowgun (weapon)
 e - a +3 short sword
Missiles
 A - 8 poisoned needles (quivered)
 E - a needle of paralysis
Armour
 c - a +0 robe (worn)
 d - a +0 cloak (worn)
 G - a +0 hat (worn)
Jewellery
 q - a ring of fire (left hand)
 w - a +4 ring of strength (right hand)
Wands
 a - a wand of iceblast (4)
 i - a wand of flame (25)
 u - a wand of acid (1)
 x - a wand of paralysis (10)
 C - a wand of digging (1)
Scrolls
 f - a scroll of blinking {unknown}
 h - 11 scrolls of identify
 l - 2 scrolls of teleportation
 o - 7 scrolls of remove curse
 r - 2 scrolls of amnesia {unknown}
 t - a scroll of fear
 v - a scroll of immolation {unknown}
 y - 2 scrolls of enchant armour {unknown}
 B - a scroll of noise {unknown}
 D - a scroll of enchant weapon {unknown}
 F - a scroll of fog {unknown}
 H - a scroll of random uselessness {unknown}
Potions
 j - a potion of magic {unknown}
 k - 2 potions of curing
 m - 2 potions of lignification
 n - a potion of flight {unknown}
 p - 3 potions of haste {unknown}
 s - 2 potions of might
 z - a potion of invisibility {unknown}
 I - a potion of degeneration {unknown}
Comestibles
 g - 13 rations


   Skills:
 - Level 1.5 Fighting
 - Level 12.6 Short Blades
 + Level 4.4 Throwing
 * Level 12.4 Dodging
 + Level 11.1 Stealth


You had 9 spell levels left.
You didn't know any spells.
Your spell library contained the following spells:

 Spells                   Type           Power        Failure   Level  Hunger
 Searing Ray              Conj           #.....       41%         2    ###....
 Throw Icicle             Conj/Ice       #.......     96%         4    #####..


Dungeon Overview and Level Annotations

Branches:
Dungeon (10/15)            Temple (1/1) D:6            Lair (0/6) D:10
    Orc: D:9-12

Altars:
Ashenzari
Cheibriados
Dithmenos
Elyvilon
Fedhas
Gozag
Hepliaklqana
Kikubaaqudgha
Makhleb
Nemelex Xobeh
Okawaru
Qazlal
Ru
Sif Muna
Trog
Uskayaw
Vehumet
Wu Jian
Xom
Yredelemnul
Zin
The Shining One

Shops:
D:6 !

Annotations:
D:10 Fannar


Innate Abilities, Weirdness & Mutations

You are very small and have problems with some larger weapons.
You are too small for most types of armour.
You have supernaturally acute eyesight. (SInv)
You are a herbivore.
You cover ground extremely quickly.
You need to consume almost no food.


Message History

HP restored.
Found a stone staircase leading up.
Found a stone staircase leading down.
Fannar is too close now for your liking.
Firing (i - inventory. (/) - cycle)
A - 10 poisoned needles (quivered)
Press: ? - help, Shift-Dir - straight line, f - Fannar
Aim: Fannar, wielding a staff of cold and wearing a +1 robe of cold resistance (covered in an icy film, hasn't noticed you)
You shoot a poisoned needle.
The poisoned needle closely misses Fannar.
Firing (i - inventory. (/) - cycle)
A - 9 poisoned needles (quivered)
Press: ? - help, Shift-Dir - straight line, f/p - Fannar
Aim: Fannar, wielding a staff of cold and wearing a +1 robe of cold resistance (covered in an icy film)
You shoot a poisoned needle.
The poisoned needle closely misses Fannar.
Fannar says, "Does this not give you the chills?"
You feel very mighty all of a sudden. Fannar gestures at you while chanting.
The bolt of cold hits you!!!
You feel a terrible chill!
Ouch! That really hurt!
You die...

###.#####.##.....#
###......(.(##.###### ###
#..........[...(..... #<#
#.#............######
#######.#####.#.........####.....
#............>'..(.e....'.##.####
#.........###.#.........#..#.#
#.........# #.###'####.....#.####
#.........###...@................
#.............###.####.##.#..###.
#........###### .# #.##.#..# #.
#.........# .#....##.#..# #.
#.#####.#.# .#.###......###.
#.......#.#######.# .#........
#...............#.# #.#.##..##.
#.#........####.#.# #...#######
#.#........# #.# #..#...≈...


You could see Fannar.

Vanquished Creatures
  Joseph (D:10)
  Sigmund (D:2)
  A human (D:7)
  Eustachio (D:4)
  3 hogs (D:7)
  5 yaks
  Grum (D:10)
  A hungry ghost (D:8)
  Edmund (D:6)
  3 water moccasins
  2 orc warriors
  A necrophage (D:8)
  3 ice beasts
  4 phantoms
  4 wolves (D:10)
  3 centaurs
  7 ogres
  7 bullfrogs
  7 scorpions
  4 jellies
  A howler monkey (D:7)
  A bullfrog zombie (D:6)
  2 centaur zombies
  2 hounds (D:7)
  An orc priest (D:7)
  4 orc wizards
  4 centaur skeletons
  3 iguanas
  13 worker ants
  2 killer bee zombies
  3 hound skeletons
  Robin (D:4)
  A howler monkey zombie (D:8)
  7 gnolls
  6 adders
  3 shadow imps
  2 oozes
  An adder skeleton (D:9)
  4 worms
  4 dart slugs
  8 leopard geckos
  32 orcs
  3 ball pythons
  6 giant cockroaches
  11 goblins
  4 hobgoblins
  6 jackals
  2 quokkas
  5 bats
  6 frilled lizards
  11 kobolds
  A leopard gecko skeleton (D:4)
  21 rats
241 creatures vanquished.

Vanquished Creatures (others)
  A plant (D:10)
1 creature vanquished.

Grand Total: 242 creatures vanquished

Notes
Turn   | Place    | Note
-------+----------+-------------------------------------------
     0 | D:1      | Hybris the Spriggan Assassin began the quest for the Orb.
     0 | D:1      | Reached XP level 1. HP: 10/10 MP: 2/2
    40 | D:1      | Reached XP level 2. HP: 11/14 MP: 3/3
   569 | D:1      | Reached XP level 3. HP: 18/18 MP: 4/4
  1648 | D:2      | Reached XP level 4. HP: 22/22 MP: 5/5
  1682 | D:2      | Noticed Sigmund
  1707 | D:2      | Killed Sigmund
  1707 | D:2      | Reached skill level 5 in Short Blades
  1707 | D:2      | Reached XP level 5. HP: 25/25 MP: 6/6
  2601 | D:4      | Reached XP level 6. HP: 30/30 MP: 7/7
  2605 | D:4      | Noticed Robin
  2630 | D:4      | Killed Robin
  2841 | D:4      | Noticed Eustachio
  3376 | D:4      | Killed Eustachio
  3376 | D:4      | Reached XP level 7. HP: 17/33 MP: 8/8
  3718 | D:5      | Entered Level 5 of the Dungeon
  3732 | D:5      | Upgraded the game from 0.24-a0-160-gfa3a8d6 to
                  | 0.24-a0-164-g56e1b8f
  5173 | D:5      | Reached XP level 8. HP: 8/37 MP: 9/9
  6483 | D:6      | Noticed Edmund
  7128 | D:6      | Found Hivioschu's Distillery.
  7149 | D:6      | Reached skill level 5 in Dodging
  7408 | D:6      | Bought a potion of curing for 36 gold pieces
  7408 | D:6      | Bought a potion of heal wounds for 60 gold pieces
  7408 | D:6      | Bought a potion of curing for 36 gold pieces
  7408 | D:6      | Bought a potion of curing for 36 gold pieces
  7855 | D:5      | Upgraded the game from 0.24-a0-164-g56e1b8f to
                  | 0.24-a0-169-g71aafec
  8224 | D:6      | Reached skill level 10 in Short Blades
  8866 | D:6      | Found a stormy altar of Qazlal.
  8884 | D:6      | Found a staircase to the Ecumenical Temple.
  8890 | Temple   | Entered the Ecumenical Temple
  9032 | Temple   | Became a worshipper of Dithmenos the Shadowed
  9203 | D:6      | Killed Edmund
  9479 | D:7      | Reached XP level 9. HP: 41/41 MP: 10/10
  9654 | D:7      | Found a blossoming altar of Fedhas.
 11000 | D:8      | Reached * piety under Dithmenos
 11513 | D:8      | Reached XP level 10. HP: 41/46 MP: 11/11
 11546 | D:8      | Found a burning altar of Makhleb.
 11564 | D:8      | Reached skill level 10 in Dodging
 11848 | D:9      | Identified the Compendium of Conjuration
 12246 | D:9      | Reached ** piety under Dithmenos
 12434 | D:9      | Reached skill level 10 in Stealth
 12893 | D:10     | Entered Level 10 of the Dungeon
 13508 | D:10     | Found a staircase to the Lair.
 13932 | D:10     | Noticed Fannar
 14079 | D:10     | Noticed a two-headed ogre
 14237 | D:10     | Noticed Grum
 14304 | D:10     | Noticed Joseph
 14381 | D:10     | Killed Grum
 14489 | D:10     | Killed Joseph
 14562 | D:10     | Noticed a necromancer
 14757 | D:10     | Killed from afar by Fannar

Levels and vault maps discovered:
D:1:      erik_arrival_orb_chamber, layout_loops_ring
D:2:      layout_loops_ring, st_stairs_7, uniq_sigmund
D:3:      layout_loops_cross, first_ration
D:4:      layout_rooms, uniq_eustachio, uniq_robin
D:5:      layout_gridville, lightli_corner_chamber
D:6:      layout_basic, kennysheep_mini_moat, temple_green, serial_shops, shop,
          hangedman_decor_lopped, uniq_edmund
D:7:      layout_gridville, grunt_livestock, fedhas_altar_1
D:8:      layout_loops_ring, makhleb_blood_cavern_becter
D:9:      layout_irregular_city, kennysheep_small_spiral
D:10:     lemuel_ice_spiral_2, layout_basic, dpeg_oklobed_lair,
          eino_house_with_fridge, uniq_fannar, uniq_joseph, uniq_nergalle,
          uniq_grum
Temple:   roderic_octagonal_lattice_temple

Skill      XL: |  1  2  3  4  5  6  7  8  9 10 |
---------------+-------------------------------+-----
Stealth        | 6 7 9 11 | 11.1
Short Blades   | 3 4 5 7 8 10 12 | 12.6
Dodging        | 3 7 9 12 | 12.4
Throwing       | 4 |  4.4
Fighting       | |  1.5

Action                   |  1- 3 |  4- 6 |  7- 9 | 10-12 || total
-------------------------+-------+-------+-------+-------++-------
Melee: Dagger            |   146 |   161 |   274 |       ||   581
       Short sword       |       |       |    75 |   265 ||   340
       Rapier            |       |       |   197 |       ||   197
 Fire: Blowgun           |       |    50 |   160 |    78 ||   288
Evoke: Wand              |       |       |     2 |     1 ||     3
  Use: Potion            |       |       |     9 |     2 ||    11
       Scroll            |       |       |     6 |     2 ||     8
 Stab: Sleeping          |    14 |    14 |    27 |    17 ||    72
       Distracted        |       |       |     6 |     1 ||     7
       Paralysed         |       |       |     1 |     1 ||     2
  Eat: Ration            |       |       |     4 |     2 ||     6
Armor: Robe              |    12 |    17 |    22 |     2 ||    53
       Skin              |       |       |    16 |       ||    16
Dodge: Dodged            |    86 |   103 |   277 |   177 ||   643

Table legend:
 A = Non-vault XP
 B = Vault XP
 C = Vault XP percentage of total XP
 D = Non-vault monster count
 E = Vault monster count
 F = Vault count percentage of total count
                 A         B        C        D         E       F
            +---------+---------+-------+---------+---------+-------
      Total |    6823 |    2869 |  29.6 |     201 |      40 |  16.6
            +---------+---------+-------+---------+---------+-------
        D:1 |      42 |      12 |  22.2 |      19 |      12 |  38.7
        D:2 |      46 |     235 |  83.6 |      21 |       2 |   8.7
        D:3 |      44 |       0 |   0.0 |      16 |       0 |   0.0
        D:4 |     190 |     233 |  55.1 |      11 |      12 |  52.2
        D:5 |     886 |       0 |   0.0 |      33 |       0 |   0.0
        D:6 |     922 |     158 |  14.6 |      20 |       1 |   4.8
        D:7 |     832 |     990 |  54.3 |      17 |       5 |  22.7
        D:8 |    1272 |     147 |  10.4 |      23 |       2 |   8.0
        D:9 |    1141 |       0 |   0.0 |      24 |       0 |   0.0
       D:10 |    1448 |    1094 |  43.0 |      17 |       6 |  26.1
            +---------+---------+-------+---------+---------+-------
